 Dungeon Crawl Stone Soup version 0.18-a0-1799-g6250cb2 (webtiles) character file.

214 poirepourri the Skirmisher (level 5, 0/46 HPs)
             Began as a Draconian Berserker on Apr 23, 2016.
             Was a Priest of Trog.
             Succumbed to a worker ant's poison
             ... on level 3 of the Dungeon.
             The game lasted 00:06:29 (2523 turns).

poirepourri the Skirmisher (Draconian Berserker)    Turns: 2523, Time: 00:06:30

Health: 0/46       AC:  5    Str: 21    XL:     5   Next: 60%
Magic:  5/5        EV: 10    Int:  7    God:    Trog [***...]
Gold:   119        SH:  8    Dex: 10    Spells: 0 memorised, 4 levels left

rFire  . . .     SeeInvis .     a - +0 hand axe
rCold  . . .     Gourm    .     (armour unavailable)
rNeg   . . .     Faith    .     m - +0 shield (curse)
rPois  .         Spirit   .     (helmet restricted)
rElec  .         Dismiss  .     (no cloak)
rCorr  .         Reflect  .     (no gloves)
SustAt .         Harm     .     (no boots)
MR     .....     Rnd*Tele +     j - amulet of regeneration
Stlth  +.........               l - ring of teleportation (curse)
                                o - ring of flight

@: lethally poisoned (0 -> -2), exhausted, slowed, very slow, not resistant to
hostile enchantments, very unstealthy
A: unfitting armour, cold-blooded, AC +5
a: Berserk, Trog's Hand, Burn Spellbooks, Renounce Religion, Evoke Flight


You were on level 3 of the Dungeon.
You worshipped Trog.
Trog was most pleased with you.
You were very hungry.

You visited 1 branch of the dungeon, and saw 3 of its levels.

You collected 119 gold pieces.

Inventory:

Hand Weapons
 a - a +0 hand axe (weapon)
Armour
 m - a cursed +0 shield (worn)
Jewellery
 e - an uncursed ring of resist corrosion
 j - an amulet of regeneration (around neck)
 l - a cursed ring of teleportation (right hand)
 o - a ring of flight (left hand)
Scrolls
 b - a scroll of noise {unknown}
 c - a scroll of identify
 d - a scroll of remove curse {unknown}
 g - a scroll of teleportation
 k - a scroll of amnesia
 n - a scroll of recharging {unknown}
Comestibles
 i - a beef jerky
 p - a slice of pizza


   Skills:
 + Level 4.2 Fighting
 + Level 3.9 Axes
 + Level 4.1 Dodging
 + Level 0.8 Stealth
 + Level 1.9 Shields


You had 4 spell levels left.
You didn't know any spells.

Dungeon Overview and Level Annotations

Branches:
Dungeon (3/15)

Altars:
Ashenzari
Cheibriados
Dithmenos
Fedhas
Ru
The Shining One


Innate Abilities, Weirdness & Mutations

Your plain brown scales are hard (AC +5).
Your body does not fit into most forms of armour.
You are cold-blooded and may be slowed by cold attacks.


Message History

You feel sick.
Unknown command.
You hear the rapid rusting of a very distant drain.
* * * LOW HITPOINT WARNING * * *
You feel sick.
You aren't carrying any potions.
No missiles available.
Use F to throw any item.
Read which item? (? for menu, Esc to quit)
Okay, then.
* * * LOW HITPOINT WARNING * * *
You feel sick.
Things that are here:
a club; a glowing scale mail
Things that are here:
a giant gecko corpse; a kobold corpse
* * * LOW HITPOINT WARNING * * *
You feel sick.
Items here: ))) [ † a mace of protection; a hand axe; a scale mail; a short sword; an orc corpse You die...

#.....o... .. #####
#.............. ..
#...#####..................
#......##..................
#...##.##..................
#...##.##..................
##....#.....................
#.....###########.#.....#
#####..........@.)†)..#.....#
#.........###########.......+
#.........# #.#.....#
#.........# #.#.....#
#...†.....# #.#.....#
#.....#'#.# #.#.....#
#.....#.#.# #+#######
#.....#.#.# #######.#.#


There were no monsters in sight!

Vanquished Creatures
  A howler monkey (D:3)
  An orc priest (D:3)
  A worker ant (D:3)
  2 adders
  2 oozes
  4 worms
  5 dart slugs
  4 giant geckos
  3 orcs (D:3)
  3 giant cockroaches
  6 goblins
  4 hobgoblins
  3 quokkas
  A ball python (D:1)
  12 bats
  5 giant newts
  12 kobolds
  7 rats
76 creatures vanquished.

Notes
Turn   | Place    | Note
--------------------------------------------------------------
     0 | D:1      | poirepourri the Draconian Berserker began the quest for the Orb.
     0 | D:1      | Reached XP level 1. HP: 19/19 MP: 1/1
    77 | D:1      | Reached XP level 2. HP: 22/26 MP: 2/2
   533 | D:1      | Reached XP level 3. HP: 33/33 MP: 3/3
   564 | D:1      | Reached ** piety under Trog
   983 | D:2      | Found a glowing golden altar of the Shining One.
  1282 | D:2      | Reached XP level 4. HP: 26/40 MP: 4/4
  1652 | D:2      | Found a sacrificial altar of Ru.
  1655 | D:2      | Found a snail-covered altar of Cheibriados.
  1655 | D:2      | Found a shadowy altar of Dithmenos.
  1671 | D:2      | Found a blossoming altar of Fedhas.
  1676 | D:2      | Found a shattered altar of Ashenzari.
  1894 | D:2      | Reached skill level 1 in Shields
  1988 | D:2      | Reached *** piety under Trog
  2318 | D:3      | Reached XP level 5. HP: 33/46 MP: 5/5
  2518 | D:3      | HP: 2/46 [poisoned by a worker ant]
  2523 | D:3      | Succumbed to a worker ant's poison

Vault maps used:
D:1:      elethiomel_arrival_infinity_welcomes_careful_drivers
D:2:      overflow_temple_1_default, minmay_overflow_temple_star_hex
D:3:      gup_sewer_entry_pipe, grunt_ministairs_2

Skill      XL: |  1  2  3  4  5 |
---------------+----------------+-----
Dodging        | 3 4 |  4.1
Fighting       | 4 |  4.2
Shields        | 1 |  1.9
Axes           | |  3.9
Stealth        | |  0.8

Action                   |  1- 3 |  4- 6 || total
-------------------------+-------+-------++-------
Melee: Hand axe          |   136 |   123 ||   259
       Tailslap          |    10 |    18 ||    28
Invok: Berserk           |     1 |     3 ||     4
       Trog's Hand       |       |     1 ||     1
  Use: Scroll            |     6 |     3 ||     9
       Potion            |       |     4 ||     4
 Stab: Invisible         |       |     1 ||     1
  Eat: Bread ration      |     2 |       ||     2
Armor: Skin              |    71 |    36 ||   107
Dodge: Dodged            |   118 |    71 ||   189
Block: Shield            |    33 |    64 ||    97
